 Dungeon Crawl Stone Soup version 0.23.2-1-ga50397a (webtiles) character file.

Game seed: 11284518357990350217

4 sankara the Chopper (level 1, 0/20 HPs)
             Began as a Hill Orc Monk on May 12, 2019.
             Slain by a bat (1 damage)
             ... on level 1 of the Dungeon.
             The game lasted 00:01:21 (27 turns).

sankara the Chopper (Hill Orc Monk)                   Turns: 27, Time: 00:01:22

Health: 0/20       AC:  2    Str: 13    XL:     1   Next: 70%
Magic:  1/1        EV: 13    Int: 10    God:
Gold:   0          SH:  0    Dex: 13    Spells: 0/0 levels left

rFire    . . .     SeeInvis .   a - +0 hand axe
rCold    . . .     Gourm    .   (no shield)
rNeg     . . .     Faith    .   b - +0 robe
rPois    .         Spirit   .   (no helmet)
rElec    .         Reflect  .   (no cloak)
rCorr    .         Harm     .   (no gloves)
MR       .....                  (no boots)
Stlth    ++........             (no amulet)
HPRegen  0.06/turn              (no ring)
MPRegen  0.07/turn              (no ring)

@: no status effects
A: no striking features
a: no special abilities


You were on level 1 of the Dungeon.
You were not hungry.

You visited 1 branch of the dungeon, and saw 1 of its levels.

Inventory:

Hand Weapons
 a - a +0 hand axe (weapon)
Armour
 b - a +0 robe (worn)
Comestibles
 c - a ration


   Skills:
 + Level 3.7 Fighting
 * Level 4.3 Axes
 - Level 2.4 Dodging
 - Level 1.5 Stealth


You couldn't memorise any spells.
You didn't know any spells.
Your spell library was empty.

Dungeon Overview and Level Annotations

Branches:
Dungeon (1/15)

Altars:


Message History

Welcome, sankara the Hill Orc Monk.
It is said that the Orb of Zot exists deep within this dungeon.
Press ? for a list of commands and other information.
Found a staircase leading out of the dungeon.
Unknown command.
You open the door.
A dart slug comes into view.
A leopard gecko comes into view.
The leopard gecko hisses angrily.
There is an open door here.
A bat comes into view.
There is a dry fountain here.
The dart slug launches a dart at you. The slug dart hits you.
You hit the leopard gecko.
The leopard gecko is heavily wounded.
You hit the dart slug. The leopard gecko barely misses you.
The dart slug bites you.
You are too injured to fight recklessly!
You are too injured to fight recklessly!
You are too injured to fight recklessly!
You hit the dart slug.
The dart slug is severely wounded.
You hit the leopard gecko. The leopard gecko bites you.
The dart slug launches a dart at you. The slug dart misses you.
You hit the dart slug.
The dart slug is almost dead.
You hit the leopard gecko but do no damage.
The leopard gecko closely misses you.
The leopard gecko bites you but does no damage.
You hit the dart slug but do no damage.
The dart slug is almost dead.
You closely miss the leopard gecko. The dart slug launches a dart at you.
The slug dart hits you. The leopard gecko bites you.
You hit the leopard gecko but do no damage.
The leopard gecko is almost dead.
You hit the dart slug. The leopard gecko closely misses you.
The dart slug launches a dart at you. The slug dart hits you.
* * * LOW HITPOINT WARNING * * *
You hit the dart slug.
You kill the dart slug!
You barely miss the leopard gecko. The bat closely misses you.
The leopard gecko barely misses you. The bat hits you but does no damage.
The leopard gecko closely misses you.
You barely miss the leopard gecko.
The leopard gecko is almost dead.
You barely miss the bat. The bat closely misses you.
The leopard gecko bites you.
* * * LOW HITPOINT WARNING * * *
You closely miss the leopard gecko.
The leopard gecko is almost dead.
You completely miss the bat. The bat barely misses you.
The leopard gecko closely misses you.
You hit the leopard gecko.
You kill the leopard gecko!
The bat misses you.
You hit the bat.
The bat is moderately wounded.
The bat barely misses you. The bat closely misses you.
The bat closely misses you.
There is a dry fountain here.
You hit the bat.
The bat is severely wounded.
The bat closely misses you. The bat hits you but does no damage.
You barely miss the bat.
The bat is severely wounded.
The bat misses you.
You barely miss the bat.
The bat is severely wounded.
The bat hits you.
* * * LOW HITPOINT WARNING * * *
The bat hits you but does no damage.
You completely miss the bat.
The bat is severely wounded.
The bat hits you but does no damage.
There is an open door here.
The bat barely misses you.
You closely miss the bat.
The bat is severely wounded.
The bat closely misses you. The bat hits you.
You die...

#####
##...##
#.....#
#..@..#
#..b..#
##...##
##'## #
#..# .#
#.#⌠.#...+
#........#
##...#..##
#.###..#


You could see a bat.

Vanquished Creatures
  A dart slug (D:1)
  A leopard gecko (D:1)
2 creatures vanquished.

Notes
Turn   | Place    | Note
-------+----------+-------------------------------------------
     0 | D:1      | sankara the Hill Orc Monk began the quest for the Orb.
     0 | D:1      | Reached XP level 1. HP: 19/19 MP: 1/1
    11 | D:1      | HP: 2/19 [dart slug/slug dart (5)]
    21 | D:1      | HP: 1/20 [bat (1)]
    27 | D:1      | Slain by a bat

Action                   || total
-------------------------++-------
Melee: Hand axe          ||    15
Armor: Robe              ||     5
Dodge: Dodged            ||    18

Levels and vault maps discovered:
D:1:      noname_arrival_rooms_in_the_neighbourhood, layout_loops_ring,
          minmay_misc_feat_more_columns, st_stairs_6, minivault_19

Table legend:
 A = Turns spent in this place as a percentage of turns spent in the entire game.
 B = Non-inter-level travel turns spent in this place as a percentage of non-inter-level travel turns spent in the entire game.
 C = Inter-level travel turns spent in this place as a percentage of turns spent in this place.
 D = Turns resting spent in this place as a percentage of non-inter-level travel turns spent in this place.
 E = Turns spent auto-exploring this place as a percentage of non-inter-level travel turns spent in this place.
 F = Non-inter-level travel turns spent in this place divided by the number of levels of this place that you've seen.
                   A       B       C       D       E      F
               +-------+-------+-------+-------+-------+----------------------
         Total | 100.0 | 100.0 |   0.0 |   0.0 |   7.4 |  27.0
       Dungeon | 100.0 | 100.0 |   0.0 |   0.0 |   7.4 |  27.0
               +-------+-------+-------+-------+-------+----------------------

Table legend:
 A = Kills in this place as a percentage of kills in entire the game.
 B = Kills by you in this place as a percentage of kills by you in the entire game.
 C = Kills by friends in this place as a percentage of kills by friends in the entire game.
 D = Other kills in this place as a percentage of other kills in the entire game.
 E = Experience gained in this place as a percentage of experience gained in the entire game.
 F = Experience gained in this place divided by the number of levels of this place that you have seen.
                   A       B       C       D       E      F
               +-------+-------+-------+-------+-------+----------------------
         Total | 100.0 | 100.0 |   N/A |   N/A | 100.0 |   7.0
       Dungeon | 100.0 | 100.0 |   N/A |   N/A | 100.0 |   7.0
               +-------+-------+-------+-------+-------+----------------------
